 Dungeon Crawl Stone Soup version 0.29-a0-25-g7f48f510a0 (webtiles) character file.

Game seed: 10886332973216893198

17 Hubjo the Grasshopper (level 2, 0/23 HPs)
             Began as a Vampire Warper on Jan 30, 2022.
             Was a Follower of Qazlal.
             Slain by an adder (4 damage)
             ... on level 2 of the Dungeon on Jan 31, 2022.
             The game lasted 00:09:51 (666 turns).

Hubjo the Grasshopper (Vampire Warper)               Turns: 666, Time: 00:09:52

Health: 0/23       AC:  3    Str: 10    XL:     2   Next: 44%
Magic:  5/5        EV: 12    Int: 15    God:    Qazlal [*.....]
Gold:   41         SH:  1    Dex: 13    Spells: 4/5 levels left

rFire   . . .      SeeInvis +   a - +0 short sword
rCold   . . .      Faith    .   (no shield)
rNeg    . . .      Spirit   .   b - +0 leather armour
rPois   .          Reflect  .   (no helmet)
rElec   .          Harm     .   (no cloak)
rCorr   .          Rampage  .   (no gloves)
Will    .....                   (no boots)
Stlth   +.........              (no amulet)
HPRegen 0.27/turn               (no ring)
MPRegen 0.09/turn               (no ring)

@: lethally poisoned (0 -> -3), healing quickly
A: alive, fangs 3, see invisible, vampiric 1
a: Exsanguinate, Renounce Religion


You were on level 2 of the Dungeon.
You worshipped Qazlal.
Qazlal was aware of your devotion.
You visited 1 branch of the dungeon, and saw 2 of its levels.

You collected 41 gold pieces.

Inventory:

Hand Weapons
 a - a +0 short sword (weapon)
Missiles
 d - 5 boomerangs of dispersal (quivered)
 e - 13 bolts
Armour
 b - a +0 leather armour (worn)
Magical Staves
 f - a staff of poison
Scrolls
 c - a scroll of blinking
 h - a scroll of teleportation {unknown}
Potions
 g - a potion of curing {unknown}


   Skills:
 + Level 2.3 Fighting
 + Level 2.1 Short Blades
 + Level 0.7 Throwing
 + Level 1.0 Armour
 + Level 2.4 Dodging
 + Level 2.0 Spellcasting
 + Level 2.5 Translocations


You had 4 spell levels left.
You knew the following spells:

 Your Spells              Type           Power      Damage    Failure   Level
a - Summon Small Mammal   Summ           4%         N/A       30%         1

Your spell library contained the following spells:

 Spells                   Type           Power      Damage    Failure   Level
 Blink                    Tloc           18%        N/A       16%         2
 Gell's Gravitas          Tloc           9%         N/A       32%         3
 Lesser Beckoning         Tloc           9%         N/A       32%         3
 Teleport Other           Tloc           9%         N/A       32%         3
 Call Canine Familiar     Summ           1%         N/A       65%         3
 Summon Guardian Golem    Hex/Summ       1%         N/A       65%         3
 Manifold Assault         Tloc           9%         N/A       96%         5
 Malign Gateway           Summ/Tloc      2%         N/A       100%        7
 Summon Horrible Things   Summ           0%         N/A       100%        8


Dungeon Overview and Level Annotations

Branches:
Dungeon (2/15)

Altars:
Qazlal


Innate Abilities, Weirdness & Mutations

Your natural rate of healing is accelerated.
You have razor-sharp teeth.
You have supernaturally acute eyesight. (SInv)
You are afflicted with vampirism.


Message History

The goblin shouts!
You hear an angry hiss.
A frilled lizard comes into view.
Found 3 poisoned darts, a robe and 13 stones.
The goblin unwields a +0 dagger.
The goblin wields a +0 hunting sling.
The goblin shoots a stone.
The stone closely misses you.
The adder hisses angrily.
The goblin shoots a stone.
The stone hits you.
The goblin shoots a stone.
The stone hits you.
The goblin shoots a stone.
The stone closely misses you.
The frilled lizard hisses.
The goblin unwields a +0 hunting sling.
The goblin wields a +0 dagger.
The goblin barely misses you.
You barely miss the goblin. The goblin hits you with a +0 dagger.
You hit the goblin but do no damage. The goblin hits you with a +0 dagger.
You hit the goblin.
The goblin is moderately wounded.
You block the goblin's attack.
You closely miss the goblin.
The goblin is moderately wounded.
The goblin hits you with a +0 dagger.
You barely miss the goblin. You bite the goblin.
You kill the goblin!
Qazlal accepts your kill.
You hit the adder but do no damage. The adder barely misses you. x2
You hit the adder but do no damage. The adder bites you.
You hit the adder.
The adder is heavily wounded.
The adder misses you.
You hit the adder.
The adder is almost dead.
The adder bites you.
You are poisoned.
The adder poisons you!
You hit the adder but do no damage.
The adder is almost dead.
* * * LOW HITPOINT WARNING * * *
You feel sick. The adder bites you.
* * * LOW HITPOINT WARNING * * *
The adder bites you.
You die...

#...<.. #....#. ( #....#
.[ #....# ... #.#..# ....
#.##.## ..... #.##).#
......#############..†)..
......lS@.........'...#.#
......#############...#..
...(. #...##. #### #...#
. #...# . ##### #


You could see an adder and a frilled lizard.

Vanquished Creatures
  A worm (D:2)
  2 endoplasms
  3 goblins
  3 kobolds
  A ball python (D:1)
  A bat (D:1)
  A frilled lizard (D:1)
  2 rats (D:1)
14 creatures vanquished.

Notes
Turn   | Place    | Note
-------+----------+-------------------------------------------
     0 | D:1      | Hubjo the Vampire Warper began the quest for the Orb.
     0 | D:1      | Reached XP level 1. HP: 16/16 MP: 3/3
   335 | D:1      | Found a faded altar of an unknown god.
   344 | D:1      | Prayed at the altar of an unknown god.
   344 | D:1      | Became a worshipper of Qazlal Stormbringer
   344 | D:1      | Reached * piety under Qazlal
   362 | D:1      | Learned a level 1 spell: Summon Small Mammal
   474 | D:1      | Upgraded the game from 0.29-a0-23-ga79f92ac9c to
                  | 0.29-a0-25-g7f48f510a0
   497 | D:1      | Reached XP level 2. HP: 16/23 MP: 5/5
   562 | D:2      | Reached skill level 1 in Armour
   666 | D:2      | Slain by an adder

Illustrated notes

Levels and vault maps discovered:
D:1:      nicolae_arrival_memento_mori, layout_loops_corners,
          hellmonk_ecumenical_altar_zigzags
D:2:      layout_basic

Skill      XL: |  1  2 |
---------------+-------+-----
Fighting       | 2 |  2.3
Armour         | 1 |  1.0
Short Blades   | |  2.1
Throwing       | |  0.7
Dodging        | |  2.4
Spellcasting   | |  2.0
Translocations | |  2.5

Action                   || total
-------------------------++-------
Melee: Short sword       ||    62
       Bite              ||     8
       Punch             ||     1
 Cast: Summon Small Mamm ||     1
  Use: Scroll            ||     2
Armor: Leather armour    ||    14
Dodge: Dodged            ||    27
Block: Other             ||     2

Table legend: (Time is in decaauts)
 A = Elapsed time spent in this place.
 B = Non-inter-level travel time spent in this place.
 C = Inter-level travel time spent in this place.
 D = Time resting spent in this place.
 E = Time spent auto-exploring this place.
 F = Levels seen in this place.
 G = Mean time per level.
                   A        B        C        D        E       F      G
               +--------+--------+--------+--------+--------+-----+--------+
         Total |    665 |    204 |    461 |     58 |      0 |   2 |  332.5 |
       Dungeon |    665 |    204 |    461 |     58 |      0 |   2 |  332.5 |
               +--------+--------+--------+--------+--------+-----+--------+

Top non-repeatable levels by time:
     D:1: 533 daAuts
     D:2: 131 daAuts
